 Dungeon Crawl Stone Soup version 0.31-a0-1074-g0b22e4e0f1 (webtiles) character file.

Game seed: 2720877999581097958

1888964 PaperRat the Skinwalker (level 25, 212/212 HPs)
             Began as a Green Draconian Artificer on Nov 26, 2023.
             Was the Champion of Hepliaklqana.
             Escaped with the Orb
             ... and 3 runes on Nov 27, 2023!
             The game lasted 05:40:58 (53223 turns).

PaperRat the Skinwalker (DrAr)                     Turns: 53223, Time: 05:40:59

Health: 212/212    AC: 20    Str: 18 (19) XL:     25   Next: 67%
Magic:  30/30      EV: 33    Int: 17      God:    Hepliaklqana [******]
Gold:   52         SH: 20    Dex: 35      Spells: 23/24 levels left

rFire   + +          .
                       - Unarmed
rCold   + . .        k - +2 kite shield {rC+}
rNeg    + + +        (body armour unavailable)
rPois   ∞            x - +2 hood of the Assassin {Detect Stab+ Stlth++}
rElec   +            R - +2 cloak {Will+}
rCorr   .            M - +1 pair of gloves of the Fortifying Gods {rElec Regen+ Dex+3}
SInv    +            W - +0 pair of boots of Evedir {rF+ Dex+3}
Will    ++++.        A - amulet "Ubbeomm" {Will+ Regen+}
Stlth   +++          J - ring "Jank" {Fire rElec Int+2 Dex+7}
HPRegen 2.15/turn    r - ring of Voivocly {rN+ Dex+6 Slay+3 SInv}
MPRegen 0.22/turn

%: no passive effects
@: death-form
A: vile attack, torment immunity, no potions, reduced essence, (breathe noxious
fumes), AC +12, unfitting armour, stinger 1, poison resistance, cold-blooded,
sense surroundings 2
0: Orb of Zot
}: 3/15 runes: decaying, slimy, gossamer
a: Siphon Essence, Begin Untransformation, Renounce Religion, Recall Ancestor,
Ancestor Identity, Transference, Idealise


You escaped.
You worshipped Hepliaklqana.
Hepliaklqana was exalted by your worship.
You were an undying horror.
You visited 11 branches of the dungeon, and saw 52 of its levels.
You visited the Abyss 1 time.
You also visited: Bailey.

You collected 6137 gold pieces.
You spent 6085 gold pieces at shops.

Inventory:

Missiles
 F - 4 curare-tipped darts (quivered)
 S - 3 throwing nets {!f}
Armour
 k - a +2 kite shield of cold resistance (worn)
 x - the +2 hood of the Assassin (worn) {Detect Stab+ Stlth++}
   (You found it on level 1 of the Vaults)

   Detect:    It allows the wearer to sense nearby creatures.
   Stab+:     It allows the wearer to make particularly effective stabbing
   attacks against helpless or unaware enemies with any weapon.
   Stlth++:   It makes you much more stealthy.
 K - a +2 buckler of protection
 M - the +1 pair of gloves of the Fortifying Gods (worn) {rElec Regen+ Dex+3}
   (You bought it in a shop on level 8 of the Dungeon)

   Dex+3:     It affects your dexterity (+3).
   rElec:     It insulates you from electricity.
   Regen+:    It increases your rate of health regeneration.
 R - a +2 cloak of willpower (worn)
 W - the +0 pair of boots of Evedir (worn) {rF+ Dex+3}
   (You found it on level 9 of the Dungeon)

   Dex+3:     It affects your dexterity (+3).
   rF+:       It protects you from fire.
Magical Staves
 i - the staff "Death Rattle" {+Blink rPois rC+ Str+3 Ice}
   (You found it on level 5 of the Pits of Slime)

   [staff of cold]

   Base accuracy: +5 Base damage: 5 Base attack delay: 1.2 This weapon's minimum
   attack delay (0.6) is reached at skill level 12.
   Str+3:     It affects your strength (+3).
   rC+:       It protects you from cold.
   rPois:     It protects you from poison +Blink: It lets you blink.
   Ice:       It increases the power of your Ice spells.
   It falls into the 'Staves' category.
   It is a one-handed weapon.
Jewellery
 a - a ring of resist corrosion
 f - the ring "Koihonah" {Fly rC+ Will+ Int+6 Stlth+}
   (You found it on level 5 of the Pits of Slime)

   [ring of intelligence]

   Int+6:     It affects your intelligence (+6).
   rC+:       It protects you from cold.
   Will+:     It increases your willpower.
   Fly:       It grants you flight.
   Stlth+:    It makes you more stealthy.
 r - the ring of Voivocly (right hand) {rN+ Dex+6 Slay+3 SInv}
   (You found it on level 5 of the Pits of Slime)

   [ring of dexterity]

   Dex+6:     It affects your dexterity (+6).
   Slay+3:    It affects your accuracy & damage with ranged weapons and melee
   (+3).
   rN+:       It protects you from negative energy.
   SInv:      It lets you see invisible.
 A - the amulet "Ubbeomm" (around neck) {Will+ Regen+}
   (You found it on level 2 of the Swamp)

   [amulet of regeneration]

   Will+:     It increases your willpower.
   Regen+:    It increases your rate of health regeneration.
 J - the ring "Jank" (left hand) {Fire rElec Int+2 Dex+7}
   (You took it off a spriggan defender on level 3 of the Depths)

   [ring of fire]

   Fire:      It enhances your fire magic.
   Int+2:     It affects your intelligence (+2).
   Dex+7:     It affects your dexterity (+7).
   rF+:       It protects you from fire.
   rC-:       It makes you vulnerable to cold.
   rElec:     It insulates you from electricity.
 L - a ring of protection from fire {=R}
Talismans
 v - a storm talisman
 N - a talisman of death (active)
 P - a granite talisman
Wands
 b - a wand of roots (19)
 c - a wand of light (10)
 d - a wand of digging (10)
 m - a wand of polymorph (17)
 n - a wand of charming (33)
 z - a wand of mindburst (10)
Scrolls
 e - 3 scrolls of immolation
 h - 5 scrolls of fear {@r4}
 j - a scroll of silence
 l - 3 scrolls of fog {@r2}
 u - 6 scrolls of blinking {@r5}
 y - a scroll of revelation
 E - 2 scrolls of poison
 O - 5 scrolls of torment
 T - 17 scrolls of teleportation {@r3}
 U - 4 scrolls of butterflies {@r6}
 V - 7 scrolls of vulnerability
Potions
 g - 5 potions of lignification
 o - 5 potions of cancellation
 p - 14 potions of mutation {@q7}
 q - 5 potions of haste {@q4}
 s - a potion of resistance
 t - 3 potions of enlightenment {@q6}
 w - 7 potions of heal wounds {@q2}
 D - a potion of invisibility
 G - 5 potions of ambrosia
 H - a potion of berserk rage
 I - 16 potions of curing {@q1}
 Q - 4 potions of magic
 Y - 10 potions of might {@q3}
Miscellaneous
 B - a phantom mirror
 C - a condenser vane
 X - a box of beasts
 Z - a phial of floods


   Skills:
 + Level 21.4 Fighting
 - Level 0.8 Throwing
 + Level 16.3 Dodging
 - Level 8.0 Stealth
 + Level 16.4 Shields
 + Level 19.9 Unarmed Combat
 - Level 10.0 Invocations
 + Level 16.6 Evocations
 - Level 23.0 Shapeshifting


You had 23 spell levels left.
You knew the following spells:

 Your Spells              Type           Power      Damage    Failure   Level
z - Apportation           Tloc           0%         N/A       34%         1

Your spell library contained the following spells:

 Spells                   Type           Power      Damage    Failure   Level
 Freeze                   Ice            0%         1d3       34%         1
 Kiss of Death            Conj/Necr      0%         2d5       34%         1
 Slow                     Hex            0%         N/A       34%         1
 Summon Small Mammal      Summ           0%         N/A       34%         1
 Blink                    Tloc           0%         N/A       47%         2
 Cigotuvi's Dreadful Rot  Necr/Pois/Air  0%         N/A       47%         2
 Ensorcelled Hibernation  Hex/Ice        0%         N/A       47%         2
 Jinxbite                 Hex            0%         N/A       47%         2
 Scorch                   Fire           0%         2d5       47%         2
 Sublimation of Blood     Necr           0%         N/A       47%         2
 Wereblood                Tmut           0%         N/A       47%         2
 Call Canine Familiar     Summ           0%         N/A       71%         3
 Confusing Touch          Hex            0%         N/A       71%         3
 Dazzling Flash           Conj/Hex       0%         N/A       71%         3
 Frozen Ramparts          Ice            0%         1d1       71%         3
 Gell's Gravitas          Tloc           0%         N/A       71%         3
 Hailstorm                Conj/Ice       0%         3d3       71%         3
 Inner Flame              Hex/Fire       0%         N/A       71%         3
 Ozocubu's Armour         Ice            0%         N/A       71%         3
 Sigil of Binding         Hex            0%         N/A       71%         3
 Summon Guardian Golem    Hex/Summ       0%         N/A       71%         3
 Teleport Other           Tloc           0%         N/A       71%         3
 Tukima's Dance           Hex            0%         N/A       71%         3
 Volatile Blastmotes      Fire/Tloc      0%         2d10      71%         3
 Anguish                  Hex/Necr       0%         N/A       98%         4
 Dimensional Bullseye     Hex/Tloc       0%         N/A       98%         4
 Dispel Undead            Necr           0%         3d6       98%         4
 Flame Wave               Conj/Fire      0%         2d4       98%         4
 Iskenderun's Mystic Bla  Conj/Tloc      0%         2d3       98%         4
 Leda's Liquefaction      Hex/Erth       0%         N/A       98%         4
 Passage of Golubria      Tloc           0%         N/A       98%         4
 Petrify                  Tmut/Erth      0%         N/A       98%         4
 Sticky Flame             Conj/Fire      0%         2d3       98%         4
 Summon Ice Beast         Ice/Summ       0%         N/A       98%         4
 Summon Lightning Spire   Summ/Air       0%         N/A       98%         4
 Vhi's Electric Charge    Tloc/Air       0%         N/A       98%         4
 Agony                    Necr           0%         N/A       100%        5
 Alistair's Intoxication  Tmut/Pois      0%         N/A       100%        5
 Arcjolt                  Conj/Air       0%         1d10      100%        5
 Borgnjor's Vile Clutch   Necr/Erth      0%         N/A       100%        5
 Iskenderun's Battlesphe  Conj           0%         2d6       100%        5
 Lee's Rapid Deconstruct  Erth           0%         3d4*      100%        5
 Metabolic Englaciation   Hex/Ice        0%         N/A       100%        5
 Silence                  Hex/Air        0%         N/A       100%        5
 Summon Forest            Summ/Tloc      0%         N/A       100%        5
 Yara's Violent Unravell  Hex/Tmut       0%         3d3       100%        5
 Bombard                  Conj/Erth      0%         9d1       100%        6
 Death Channel            Necr           0%         N/A       100%        6
 Dispersal                Tloc           0%         N/A       100%        6
 Eringya's Noxious Bog    Tmut/Pois      0%         4d6       100%        6
 Simulacrum               Ice/Necr       0%         N/A       100%        6
 Starburst                Conj/Fire      0%         6d3       100%        6
 Summon Cactus Giant      Summ           0%         N/A       100%        6
 Haunt                    Necr/Summ      0%         N/A       100%        7
 Malign Gateway           Summ/Tloc      0%         N/A       100%        7
 Ozocubu's Refrigeration  Ice            0%         4d7       100%        7
 Spellforged Servitor     Conj/Summ      0%         N/A       100%        7
 Summon Hydra             Summ           0%         N/A       100%        7
 Borgnjor's Revivificati  Necr           0%         N/A       100%        8
 Discord                  Hex            0%         N/A       100%        8
 Lehudib's Crystal Spear  Conj/Erth      0%         10d2      100%        8
 Maxwell's Capacitive Co  Air            0%         ∞         100%        8
 Summon Horrible Things   Summ           0%         N/A       100%        8
 Chain Lightning          Conj/Air       0%         N/A       100%        9
 Death's Door             Necr           0%         N/A       100%        9
 Fire Storm               Conj/Fire      0%         5d1       100%        9
 Shatter                  Erth           0%         3d5*      100%        9
 Animate Armour           Summ/Erth      Unusable   N/A       N/A         4

Dungeon Overview and Level Annotations

Branches:
Dungeon (15/15)            Temple (1/1) D:6            Lair (5/5) D:8
  Swamp (4/4) Lair:2       Spider (4/4) Lair:3        Slime (5/5) Lair:4
    Orc (2/2) D:11            Elf (3/3) Orc:2        Vaults (4/5) D:13
  Crypt (0/3) Vaults:2     Depths (4/4) D:15            Zot (5/5) Depths:4
 Bailey (visited)

Altars:
Ashenzari
Cheibriados
Dithmenos
Elyvilon
Fedhas
Gozag
Hepliaklqana
Kikubaaqudgha
Makhleb
Nemelex Xobeh
Okawaru
Qazlal
Ru
Sif Muna
Trog
Uskayaw
Vehumet
Wu Jian
Xom
Yredelemnul
Zin
The Shining One
Jiyva

Shops:
D:2 =   D:8 **[   D:14 (   Orc:2 [(===   Elf:1 =[   Zot:5 *   Depths:3 :

Portals:
Hell: Depths:1 Depths:2 Depths:3 Depths:4
Abyss: Depths:1 Depths:3 Depths:4
Pandemonium: Depths:2
Ziggurat: Depths:2

Annotations:
D:8 1 runed translucent door, Maratek's ghost, novice MiFi
Elf:2 3 runed translucent doors
Zot:3 2 transporters
Zot:5 1 exclusion


Innate Abilities, Weirdness & Mutations

You are an undying horror.
Your melee and unarmed attacks drain, slow and weaken victims.
You are immune to unholy pain and torment.
You cannot drink.
Your life essence is reduced to manifest your ancestor. (-10% HP)
((You can breathe blasts of noxious fumes.))
Your lurid green scales are hard. (AC +12)
You cannot fit into any form of body armour.
Your tail ends in a venomous barb.
Your system is resistant to poisons. (rPois)
You are cold-blooded and may be slowed by cold attacks.
You passively map the area around you.


Message History

You tail-slap the reaper, but do no damage.
The reaper is almost dead.
Skink hits the reaper with a +0 lajatang of freezing!!
Skink freezes the reaper.
The reaper dies!
No target in view!
You see here a +3 scythe of flaming.
HP restored.
A rust devil comes into view.
Skink mumbles some strange words.
Skink seems to speed up.
There is a stone staircase leading up here.
You hit the rust devil.
The rust devil decays.
You tail-slap the rust devil!
The rust devil is moderately wounded.
You punch the rust devil!
The rust devil decays.
You tail-slap the rust devil, but do no damage.
The rust devil is heavily wounded.
Skink casts a spell at the rust devil.
The bolt of magma hits the rust devil!
The rust devil partially resists.
You block the rust devil's attack.
You punch the rust devil!
You kill the rust devil!
No target in view!
You climb upwards.
There is a stone staircase leading down here.
You swap places.
You see here a +0 hand axe.
There is a stone staircase leading up here.
You climb upwards.
There is a stone staircase leading down here.
You swap places.
There is a stone staircase leading up here.
You climb upwards.
There is a stone staircase leading down here.
Skink is no longer moving quickly.
There is an open door here.
There is an open door here.
You see here a +0 club.
There is a staircase leading out of the dungeon here.
You have escaped!

.......##### #.#.....##.#.###.##
...[...#### #.########.#.#.....
..........### #................##
.......##...###8'8###....#.......
.......##..##≈≈~)~≈≈##...#.......
.......##.##≈~~.P.~≈~##..#....#..
...>...####≈~P..8..P~≈##.######..
.^.....# #≈~~...R...~~≈#.## #..
.......# #≈P.8..z..8.P≈#..## #..
.......# #~≈~.......~≈~##..# #..
.......####≈≈P..8..P≈≈####.######
.......##.##≈~~.P.~~≈##.##..##...
######.##..##≈~~.~~≈##..###.##...
#......###8'8###...# #......
######## ##...####.# ###....
###......# #.... ####.### ###.#.


You could see the friendly Skink the battlemage.

Vanquished Creatures
  the Royal Jelly (Slime:5)
  An orb of fire (Zot:5)
  2 ancient liches
  Mara (Depths:3)
  A dread lich (Depths:4)
  A juggernaut (Depths:2)
  A Killer Klown (Zot:5)
  3 caustic shrikes
  2 curse toes
  3 golden dragons
  the Enchantress (Depths:2)
  2 electric golems
  Zenata (Vaults:2)
  12 tentacled monstrosities
  A walking crystal tome (Depths:4)
  11 Orb Guardians (Zot:5)
  8 liches
  A deep elf blademaster (Elf:3)
  4 quicksilver dragons
  9 acid blobs
  A sphinx (Vaults:4)
  6 death cobs
  3 shadow dragons
  Donald (Vaults:3)
  3 tengu reavers
  A fenstrider witch (Swamp:3)
  Roxanne (Spider:4)
  2 draconian monks
  8 storm dragons
  8 azure jellies
  8 rockslimes
  2 emperor scorpions
  2 draconian knights
  2 deep elf sorcerers (Elf:3)
  4 ghost moths
  3 draconian scorchers
  6 frost giants
  8 vault wardens
  3 balrugs
  3 fire giants
  4 draconian shifters
  3 deep elf elementalists
  A draconian stormcaller (Zot:2)
  A broodmother (Spider:3)
  4 draconian annihilators
  8 quicksilver oozes
  2 orc warlords
  19 very ugly things
  14 ironbound preservers
  2 spriggan defenders (Depths:2)
  A formless jellyfish (Slime:5)
  10 stone giants
  4 ironbound thunderhulks
  12 green draconians
  4 eleionomae
  Nessos (D:13)
  6 black draconians
  Azrael (D:12)
  5 white draconians
  4 deep elf annihilators
  6 purple draconians
  4 deep elf demonologists
  2 bunyips
  5 spark wasps
  3 dire elephants
  8 red draconians
  7 yellow draconians
  3 deep elf death magi
  3 eidola (Vaults:2)
  A merfolk impaler (Depths:2)
  A blizzard demon (Zot:1)
  7 ettins
  An iron golem (Depths:1)
  Snorg (D:11)
  A crystal guardian (Vaults:1)
  A jiangshi (Vaults:2)
  8 yaktaur captains
  2 fire dragons
  Josephine (D:15)
  3 entropy weavers
  A deep elf high priest (Elf:3)
  5 peacekeepers
  A spriggan zombie (Depths:2)
  A rakshasa (Depths:2)
  14 hydras
  9 ice dragons
  7 ironbound frosthearts
  6 vault guards
  7 great orbs of eyes
  Fannar (D:10)
  A ghost crab (Swamp:4)
  2 jorogumos
  7 boulder beetles
  10 centaur warriors
  A spriggan air mage (Depths:2)
  3 radroaches
  A catoblepas (D:14)
  13 dancing weapons
  A death knight (D:15)
  8 death yaks
  6 alligators
  3 deep troll shamans (Depths:4)
  2 two-headed ogres
  A vampire mage (Depths:2)
  4 demonic crawlers (Spider:2)
  6 deep troll earth magi
  7 spriggan berserkers
  2 hell hogs (Abyss:3)
  4 tengu warriors
  3 orc high priests (Orc:2)
  4 soul eaters
  5 hell knights
  5 sun demons
  10 deep elf knights
  A skyshark (Lair:5)
  6 iron trolls
  3 goliath frogs
  2 storm dragon skeletons (Depths:3)
  2 pharaoh ants
  38 deep trolls
  A skeletal warrior (D:13)
  A spriggan druid (Swamp:1)
  A fire crab (Lair:5)
  4 arcanists
  3 glowing orange brains
  2 flayed ghosts
  13 deep elf archers
  A lindwurm (shapeshifter) (D:9)
  8 swamp dragons
  8 orb spiders
  An orange crystal statue (D:9)
  A bog body (Swamp:1)
  A phantasmal warrior (D:15)
  12 ironbound convokers
  9 lindwurms
  5 necromancers
  2 obsidian statues (Zot:5)
  16 deep elf pyromancers
  3 steelbarb worms
  12 deep elf zephyrmancers
  7 orc knights
  A frost giant zombie (Vaults:4)
  17 wolf spiders
  A shining eye (Slime:4)
  2 oklob plants (Lair:4)
  A manticore (shapeshifter) (Depths:4)
  39 ugly things
  A sphinx simulacrum (Depths:3)
  A salamander (shapeshifter) (D:9)
  2 cyclopes
  3 will-o-the-wisps
  3 manticores
  A moth of wrath (shapeshifter) (D:9)
  13 moths of wrath
  8 elephants
  6 large abominations (Elf:1)
  4 black mambas
  A rust devil (D:4)
  5 smoke demons (Depths:1)
  12 vault sentinels
  8 torpor snails
  2 gargoyles
  2 rime drakes
  11 cane toads
  A storm dragon simulacrum (Depths:3)
  A kobold demonologist (D:11)
  4 freezing wraiths
  8 komodo dragons
  A tormentor (D:6)
  A rime drake (shapeshifter) (D:13)
  An efreet (D:15)
  16 yaktaurs
  2 tengu conjurers
  An ice devil (Zot:5)
  5 trolls
  4 polar bears (Lair:5)
  A wind drake (Lair:5)
  9 tyrant leeches
  10 hornets
  Prince Ribbit (D:8)
  11 tarantellas
  A raiju (Abyss:3)
  2 blink frogs (Lair:5)
  A deep troll zombie (Vaults:4)
  2 glass eyes
  2 snapping turtles (Lair:5)
  18 jumping spiders
  41 slime creatures
  3 air elementals
  Sigmund (D:5)
  A shadow (D:5)
  11 spriggans
  4 wraiths
  10 humans (D:13)
  14 culicivoras
  3 wyverns
  6 water elementals
  47 yaks
  A fire bat (shapeshifter) (Depths:3)
  2 fire elementals
  A vampire mosquito (D:12)
  2 basilisks
  25 redbacks
  A neqoxec (Depths:1)
  A steam dragon (D:8)
  4 golden eyes
  A chaos spawn (Abyss:3)
  Edmund (D:5)
  2 wargs
  11 swamp worms
  7 water moccasins
  7 swamp drakes
  9 orc warriors
  An ice beast (D:6)
  A black bear (D:7)
  9 ogres
  21 wolves
  4 centaurs
  A phantom (D:6)
  An elf zombie (Elf:1)
  2 kobold brigands
  5 bullfrogs
  Blork the orc (D:5)
  10 gnoll sergeants
  2 scorpions
  5 battlemagi
  4 wights
  8 killer bees
  3 howler monkeys
  An electric eel (Spider:3)
  3 jellies
  3 hounds
  10 orc priests
  Jessica (D:2)
  8 gnoll boudas
  4 iguanas (D:6)
  2 sleepcaps
  18 orc wizards
  A hell rat (Lair:4)
  19 gnolls
  6 adders
  A shadow imp (D:7)
  2 ufetubi (D:6)
  3 worms
  3 dart slugs
  31 orcs
  5 bats
  8 endoplasms
  2 giant cockroaches
  7 goblins
  7 hobgoblins
  8 jackals
  3 quokkas
  8 ball pythons
  2 frilled lizards (D:3)
  16 kobolds
  4 rats
1366 creatures vanquished.

Vanquished Creatures (collateral kills)
  An ancient lich (Depths:4)
  An orb of fire (Zot:5)
  the Lernaean hydra (Swamp:4)
  3 Killer Klowns (Zot:5)
  Margery (Vaults:4)
  3 golden dragons
  2 caustic shrikes (Depths:4)
  3 curse toes
  Nikola (Spider:2)
  A Tzitzimitl (Zot:2)
  An electric golem (Zot:4)
  9 tentacled monstrosities
  Asterion (Spider:1)
  A lich (Depths:2)
  2 acid blobs (Slime:5)
  3 quicksilver dragons
  A tentacled starspawn (Abyss:3)
  A deep elf master archer (Elf:3)
  13 Orb Guardians
  2 sphinxes
  The ghost of Isekihuw the Warrior, an adept HOMo of Beogh (Depths:2)
  3 death cobs
  A thorn hunter (Swamp:3)
  3 storm dragons
  A tengu reaver (Depths:2)
  A shadow dragon (Zot:2)
  2 draconian monks (Zot:2)
  A rockslime (Slime:5)
  2 azure jellies
  2 draconian knights
  2 frost giants
  4 fire giants
  3 draconian scorchers
  2 ghost moths (Spider:4)
  6 vault wardens
  3 deep elf elementalists (Elf:3)
  An emperor scorpion (Spider:4)
  2 deep elf sorcerers
  3 draconian shifters
  A broodmother (Spider:4)
  A draconian annihilator (Zot:3)
  3 very ugly things
  2 ironbound preservers
  2 spriggan defenders
  2 quicksilver oozes
  An ironbound thunderhulk (Vaults:1)
  3 reapers
  6 stone giants
  A black draconian (Zot:2)
  2 deep elf demonologists
  9 green draconians
  6 purple draconians
  A dire elephant (Lair:1)
  6 deep elf annihilators
  3 bunyips (Swamp:1)
  7 red draconians
  4 white draconians
  A spark wasp (Depths:3)
  A starcursed mass (Abyss:3)
  4 yellow draconians
  5 ettins
  3 deep elf death magi
  A crystal guardian (Vaults:1)
  4 deep elf high priests (Elf:3)
  2 yaktaur captains
  3 entropy weavers
  2 fire dragons (Depths:2)
  3 rakshasas
  4 vault guards
  A great orb of eyes (Vaults:2)
  2 jorogumos
  2 ice dragons (Depths:4)
  A quicksilver dragon skeleton (Depths:2)
  11 hydras
  Erica (Lair:1)
  A merfolk avatar (Lair:5)
  The ghost of bmj180 the Destroyer, a journeyman HuCj of Sif Muna (D:9)
  4 centaur warriors
  3 ironbound frosthearts
  An alligator (Swamp:2)
  An ogre mage (D:15)
  4 two-headed ogres
  A spriggan air mage (Depths:4)
  A tengu warrior (Depths:2)
  6 dancing weapons
  3 boulder beetles
  3 deep troll earth magi
  A death yak (Lair:1)
  An orc high priest (Elf:1)
  An occultist (Depths:1)
  2 hell hogs
  2 demonic crawlers
  3 sun demons (Abyss:3)
  4 hell knights
  9 deep elf knights
  2 spriggan berserkers
  A soul eater (Zot:5)
  A skyshark (Lair:4)
  3 goliath frogs
  2 skeletal warriors (D:13)
  2 pharaoh ants (Spider:2)
  A fire crab (shapeshifter) (Elf:2)
  20 deep trolls
  5 iron trolls
  A quicksilver dragon simulacrum (Depths:2)
  A sun moth (Spider:4)
  A spriggan druid (Swamp:3)
  2 deep elf archers
  4 swamp dragons (Swamp:4)
  5 orb spiders
  A flayed ghost (Depths:2)
  5 arcanists
  2 bog bodies
  A steelbarb worm (shapeshifter) (Depths:4)
  An orc knight (Orc:2)
  12 deep elf zephyrmancers
  3 steelbarb worms (Spider:2)
  4 ironbound convokers
  3 necromancers
  A tengu zombie (Depths:3)
  2 harpies
  5 lindwurms
  A manticore (D:13)
  2 shining eyes
  13 ugly things
  9 wolf spiders
  5 orc sorcerers (Orc:2)
  6 deep elf pyromancers
  3 will-o-the-wisps
  4 elephants
  8 moths of wrath
  A fire giant skeleton (Depths:2)
  7 vault sentinels
  A gargoyle (D:13)
  4 large abominations
  A torpor snail (Spider:4)
  3 cane toads
  6 yaktaurs
  An efreet (D:14)
  3 rime drakes
  A tormentor (Zot:5)
  2 komodo dragons (Lair:5)
  2 trolls (Orc:1)
  2 polar bears
  5 meliai
  4 tyrant leeches
  4 hornets
  12 tarantellas
  9 dream sheep
  A raiju (Spider:2)
  A blink frog (Lair:5)
  3 glass eyes
  A snapping turtle (Lair:5)
  14 jumping spiders
  29 slime creatures
  2 air elementals (Elf:3)
  9 culicivoras
  4 wraiths
  8 water elementals
  A vampire (D:13)
  A yak (shapeshifter) (D:9)
  4 spriggans
  4 golden eyes (Slime:5)
  6 humans (D:13)
  A wyvern (D:9)
  18 yaks
  A basilisk (Lair:3)
  5 fire elementals
  21 redbacks
  A neqoxec (D:9)
  A chaos spawn (Abyss:3)
  Menkaure (D:7)
  4 vampire mosquitoes
  4 wargs
  3 swamp worms
  3 water moccasins
  3 acid dragons
  Duvessa (D:6)
  2 hell hounds (D:12)
  8 swamp drakes
  A black bear (Lair:2)
  A black bear (shapeshifter) (Depths:3)
  9 orc warriors
  5 ogres
  9 wolves
  4 centaurs
  An elf zombie (Elf:1)
  A kobold brigand (D:9)
  2 bullfrogs
  4 wights
  A human simulacrum (Vaults:4)
  2 killer bees (D:11)
  An electric eel (Lair:2)
  A crimson imp (Zot:2)
  A howler monkey (D:8)
  8 orc priests
  A jelly (D:8)
  An iguana (D:5)
  12 orc wizards
  12 gnolls
  A shadow imp (D:6)
  35 orcs
  9 kobolds
  A lurking horror (Abyss:3)
755 creatures vanquished.

Vanquished Creatures (others)
  A lich (Zot:1)
  A death cob (Zot:4)
  A storm dragon (Zot:4)
  A fire giant (Vaults:1)
  A spark wasp (Spider:4)
  A deep elf death mage (Elf:3)
  A hell knight (Vaults:4)
  3 deep elf knights
  A deep elf pyromancer (Elf:1)
  A wolf spider (Spider:4)
  A deep elf zephyrmancer (Elf:1)
  An ugly thing (D:9)
  Joseph (D:7)
  4 bloated husks
  2 slime creatures (Slime:5)
  A spriggan (Swamp:2)
  A culicivora (Spider:1)
  A hell hound (D:12)
  An orc warrior (Orc:2)
  A gnoll sergeant (Bailey)
  Dowan (D:6)
  A hound (D:5)
  77 battlemagi
  6 ancestors
  16 foxfires
  2 starspawn tentacles (Abyss:3)
129 creatures vanquished.

Grand Total: 2250 creatures vanquished

Notes
Turn   | Place    | Note
-------+----------+-------------------------------------------
     0 | D:1      | PaperRat the Draconian Artificer began the quest for the
                  | Orb.
     0 | D:1      | Reached XP level 1. HP: 16/16 MP: 1/1
    13 | D:1      | Reached skill level 1 in Stealth
   209 | D:1      | Reached XP level 2. HP: 21/23 MP: 2/2
   742 | D:2      | Found Wiax's Jewellery Shop.
  1074 | D:2      | Reached XP level 3. HP: 28/29 MP: 3/3
  1459 | D:2      | Reached skill level 1 in Unarmed Combat
  1563 | D:2      | Reached skill level 1 in Shapeshifting
  1647 | D:2      | Noticed Jessica
  1654 | D:2      | Killed Jessica
  1655 | D:2      | Reached XP level 4. HP: 37/37 MP: 4/4
  2963 | D:4      | Reached XP level 5. HP: 45/45 MP: 5/5
  3271 | D:4      | Reached skill level 2 in Shapeshifting
  3273 | D:4      | Found a hazy altar of Hepliaklqana.
  3280 | D:4      | Became a worshipper of Hepliaklqana the Forgotten
  3418 | D:4      | Found a shimmering altar of Xom.
  3675 | D:5      | Entered Level 5 of the Dungeon
  3675 | D:5      | Noticed Sigmund
  3803 | D:5      | Noticed Blork the orc
  3841 | D:5      | Killed Blork the orc
  3842 | D:5      | Reached skill level 3 in Shapeshifting
  3842 | D:5      | Reached XP level 6. HP: 38/51 MP: 6/6
  3921 | D:5      | Killed Sigmund
  3922 | D:5      | Reached skill level 4 in Shapeshifting
  3924 | D:5      | Noticed Edmund
  3929 | D:5      | Found a shimmering blue altar of Sif Muna.
  3929 | D:5      | Found an iron altar of Okawaru.
  4193 | D:5      | Noticed a shadow
  4374 | D:5      | Reached skill level 5 in Shapeshifting
  4374 | D:5      | Your scales start taking on a lurid green colour.
  4374 | D:5      | Reached XP level 7. HP: 57/57 MP: 7/7
  4374 | D:5      | Gained mutation: Your system is resistant to poisons.
                  | (rPois) [Green Draconian growth]
  4596 | D:6      | Found a staircase to the Ecumenical Temple.
  4615 | Temple   | Entered the Ecumenical Temple
  4741 | D:6      | Reached * piety under Hepliaklqana
  5045 | D:6      | Reached skill level 6 in Shapeshifting
  5056 | D:6      | Reached XP level 8. HP: 26/56 MP: 8/8
  5084 | D:6      | Reached skill level 7 in Shapeshifting
  5542 | D:6      | Noticed Dowan
  5542 | D:6      | Noticed Duvessa
  5549 | D:6      | Your ally Dowan died
  5555 | D:6      | Killed Duvessa
  5556 | D:6      | Reached skill level 5 in Unarmed Combat
  5774 | D:2      | Bought an amulet of regeneration for 330 gold pieces
  6028 | D:6      | Found a broken altar of Ashenzari.
  6209 | D:7      | Reached skill level 5 in Fighting
  6209 | D:7      | Noticed Joseph
  6228 | D:7      | Killed Joseph
  6229 | D:7      | Reached XP level 9. HP: 37/67 MP: 9/9
  6294 | D:7      | Noticed a two-headed ogre
  6304 | D:7      | Killed a two-headed ogre
  6394 | D:7      | Found a flagged portal.
  6416 | Bailey   | Entered a bailey
  6803 | Bailey   | Reached XP level 10. HP: 79/79 MP: 10/10
  7125 | D:7      | Found a sacrificial altar of Ru.
  7171 | D:7      | Noticed Menkaure
  7176 | D:7      | Killed Menkaure
  7371 | D:5      | Killed Edmund
  7388 | D:5      | Found a shadowy altar of Dithmenos.
  7391 | D:5      | Found an opulent altar of Gozag.
  7393 | D:5      | Found a radiant altar of Vehumet.
  7398 | D:5      | Found a basalt altar of Yredelemnul.
  7594 | D:8      | Reached skill level 8 in Shapeshifting
  7677 | D:8      | Reached ** piety under Hepliaklqana
  7678 | D:8      | Remembered your ancestor Skink as a battlemage
  7857 | D:8      | Found a runed translucent door.
  7857 | D:8      | Found a shimmering altar of Xom.
  7857 | D:8      | Noticed a +1 spear of chaos
  7857 | D:8      | Noticed Maratek's ghost (novice MiFi)
  7889 | D:8      | Noticed Prince Ribbit
  7896 | D:8      | Killed Prince Ribbit
  7904 | D:8      | Reached skill level 5 in Dodging
  8123 | D:8      | Found a staircase to the Lair.
  8175 | D:8      | Found Yhanga's Armour Boutique.
  8205 | D:8      | Bought the +1 pair of gloves of the Fortifying Gods {rElec
                  | Regen+ Dex+3} for 387 gold pieces
  8205 | D:8      | Bought a +0 cloak for 58 gold pieces
  8298 | D:8      | Found Furcheck's Distillery.
  8311 | D:8      | Bought a potion of degeneration for 11 gold pieces
  8311 | D:8      | Bought a potion of might for 44 gold pieces
  8311 | D:8      | Bought a potion of haste for 110 gold pieces
  8351 | D:8      | Found Otamuom's Assorted Antiques.
  8376 | D:8      | Bought an ancient glass ring for 100 gold pieces
  8376 | D:8      | Identified the ring "Nagh" {rPois rN+++ Will- Str+4} (You
                  | bought it in a shop on level 8 of the Dungeon)
  8376 | D:8      | Bought a viscous sapphire potion for 18 gold pieces
  8376 | D:8      | Bought a puce potion for 18 gold pieces
  8376 | D:8      | Bought a scroll of identify for 40 gold pieces
  8376 | D:8      | Bought a scroll of identify for 40 gold pieces
  8546 | D:8      | Found Weeckuas's General Store.
  8789 | D:8      | Bought a scroll of vulnerability for 56 gold pieces
  8885 | D:9      | Noticed an orange crystal statue
  8919 | D:9      | Found a hide-covered altar of Uskayaw.
  8957 | D:9      | Reached skill level 1 in Invocations
  8962 | D:9      | Noticed a two-headed ogre
  8995 | D:9      | Killed a two-headed ogre
  9013 | D:9      | Reached XP level 11. HP: 83/84 MP: 12/12
  9099 | D:9      | Found an ornate altar of the Wu Jian Council.
  9381 | D:9      | Reached *** piety under Hepliaklqana
  9561 | D:8      | Bought a scroll of enchant armour for 105 gold pieces
  9593 | Lair:1   | Entered Level 1 of the Lair of Beasts
  9655 | Lair:1   | Reached skill level 9 in Shapeshifting
  9730 | Lair:1   | Noticed a boulder beetle
  9733 | Lair:1   | Noticed Erica
  9760 | Lair:1   | Killed Erica
  9767 | Lair:1   | Killed a boulder beetle
  9768 | Lair:1   | Reached skill level 5 in Evocations
 10133 | Lair:1   | Noticed a death yak
 10135 | Lair:1   | Noticed a death yak
 10135 | Lair:1   | Noticed a death yak
 10148 | Lair:1   | Noticed a dire elephant
 10152 | Lair:1   | Killed a death yak
 10182 | Lair:1   | Killed a dire elephant
 10183 | Lair:1   | Reached skill level 10 in Unarmed Combat
 10209 | Lair:1   | Killed a death yak
 10217 | Lair:1   | Killed a death yak
 10304 | Lair:1   | Reached XP level 12. HP: 91/94 MP: 15/15
 10388 | Lair:1   | Reached skill level 5 in Invocations
 10806 | Lair:2   | Reached **** piety under Hepliaklqana
 10811 | Lair:2   | Noticed a five-headed hydra
 10820 | Lair:2   | Killed a five-headed hydra
 10932 | Lair:2   | Reached skill level 10 in Fighting
 11422 | Lair:2   | Found a staircase to the Swamp.
 11487 | Lair:3   | Reached skill level 10 in Shapeshifting
 11638 | Lair:3   | Found a hole to the Spider Nest.
 12063 | Lair:3   | Found a snail-covered altar of Cheibriados.
 12477 | Lair:4   | Noticed a death yak
 12477 | Lair:4   | Noticed a death yak
 12477 | Lair:4   | Noticed a death yak
 12477 | Lair:4   | Noticed a death yak
 12477 | Lair:4   | Noticed a death yak
 12477 | Lair:4   | Noticed a death yak
 12612 | Lair:4   | Reached XP level 13. HP: 102/102 MP: 17/17
 13031 | Lair:4   | Found a viscous altar of Jiyva.
 13422 | Lair:4   | Reached ***** piety under Hepliaklqana
 13471 | Lair:4   | Found a staircase to the Slime Pits.
 13766 | Lair:5   | Entered Level 5 of the Lair of Beasts
 13895 | Lair:5   | Reached skill level 11 in Shapeshifting
 14494 | Lair:5   | Gained mutation: Your tail ends in a venomous barb. [Green
                  | Draconian growth]
 14494 | Lair:5   | Reached XP level 14. HP: 113/113 MP: 19/19
 14784 | Lair:5   | Identified the +5 scale mail of Fun and Games {Int+2}
 15602 | D:10     | Entered Level 10 of the Dungeon
 15727 | D:10     | Noticed Fannar
 15745 | D:10     | Killed Fannar
 16548 | D:11     | Found a staircase to the Orcish Mines.
 16858 | D:11     | Noticed Snorg
 16870 | D:11     | Killed Snorg
 16871 | D:11     | Reached skill level 10 in Dodging
 17100 | Orc:1    | Entered Level 1 of the Orcish Mines
 17218 | Orc:1    | Reached ****** piety under Hepliaklqana
 17255 | Orc:2    | Entered Level 2 of the Orcish Mines
 17334 | Orc:2    | Found Kugeuf's Armour Shoppe.
 17543 | Orc:1    | Found an iron altar of Okawaru.
 17628 | Orc:2    | Found a staircase to the Elven Halls.
 17683 | Orc:1    | Reached skill level 12 in Shapeshifting
 18170 | Orc:2    | Found Zilyato's Jewellery Shop.
 18347 | Orc:2    | Found Extegur's Jewellery Shop.
 18369 | Orc:2    | Found Ireckapt's Jewellery Shoppe.
 18369 | Orc:2    | Found Xogeum's Weapon Shoppe.
 18405 | Orc:2    | Bought a ring of willpower for 425 gold pieces
 18841 | D:12     | Noticed Azrael
 18866 | D:12     | Killed Azrael
 18983 | D:8      | Bought a potion of heal wounds for 55 gold pieces
 19024 | D:8      | Bought a potion of heal wounds for 70 gold pieces
 20144 | D:13     | Noticed Nessos
 20144 | D:13     | Found a gate to the Vaults.
 20329 | D:13     | Reached XP level 15. HP: 122/122 MP: 21/21
 20366 | D:13     | Killed Nessos
 20655 | D:13     | Reached skill level 13 in Shapeshifting
 21188 | D:2      | Bought a granite talisman for 660 gold pieces
 21443 | D:14     | Found Nakeafel's Antique Weapon Shop.
 21461 | D:14     | Reached skill level 1 in Shields
 22136 | D:15     | Entered Level 15 of the Dungeon
 22136 | D:15     | Noticed Josephine
 22301 | D:15     | Identified the +0 chain mail of the Mauling Gods {rC+
                  | Regen+}
 22385 | D:15     | Killed Josephine
 22386 | D:15     | Reached skill level 5 in Shields
 22443 | D:15     | Reached skill level 14 in Shapeshifting
 22943 | D:15     | Identified the ring "Xerpho Suinu" {Fire rElec Will+ Dex+2
                  | Slay-6}
 23064 | D:15     | Found a staircase to the Depths.
 23522 | D:9      | Found a runed translucent gate.
 23522 | D:9      | Found a runed translucent gate.
 23523 | D:9      | Found a runed translucent gate.
 23596 | D:9      | Found a runed translucent gate.
 23596 | D:9      | Found a runed translucent gate.
 23599 | D:9      | Found a runed translucent gate.
 23600 | D:9      | Noticed bmj180's ghost (journeyman HuCj)
 23624 | D:9      | Killed bmj180's ghost
 23629 | D:9      | Reached XP level 16. HP: 131/131 MP: 22/22
 23659 | D:9      | Identified the +0 pair of boots of Evedir {rF+ Dex+3}
 23883 | Spider:1 | Entered Level 1 of the Spider Nest
 24516 | Spider:1 | Noticed Asterion
 24527 | Spider:1 | Killed Asterion
 24528 | Spider:1 | Reached skill level 15 in Shapeshifting
 24681 | Spider:1 | You fall into a shaft and drop 1 floor!
 25509 | Spider:2 | Identified the +8 war axe of Eternal Vigilance {speed,
                  | rCorr Str+3 Stlth-}
 25612 | Spider:2 | Reached skill level 15 in Fighting
 25840 | Spider:2 | Noticed Nikola
 25849 | Spider:2 | Killed Nikola
 26466 | Spider:3 | Identified the +8 falchion "Ecotuyh" {vamp, Will+}
 26544 | Spider:3 | Reached skill level 15 in Unarmed Combat
 26544 | Spider:3 | Reached XP level 17. HP: 140/140 MP: 23/23
 27161 | Spider:4 | Entered Level 4 of the Spider Nest
 27372 | Spider:4 | Noticed Roxanne
 27567 | Spider:4 | Killed Roxanne
 27785 | Spider:4 | Reached skill level 10 in Evocations
 28408 | Spider:4 | Got a gossamer rune of Zot
 28700 | Swamp:1  | Entered Level 1 of the Swamp
 29897 | Swamp:2  | Identified the amulet "Ubbeomm" {Will+ Regen+}
 30307 | Swamp:3  | Reached skill level 16 in Shapeshifting
 30869 | Swamp:4  | Entered Level 4 of the Swamp
 30877 | Swamp:4  | Reached XP level 18. HP: 149/149 MP: 25/25
 31664 | Swamp:4  | Reached skill level 10 in Invocations
 31690 | Swamp:4  | Noticed the 27-headed Lernaean hydra
 31806 | Swamp:4  | Killed the 27-headed Lernaean hydra
 31871 | Swamp:4  | Got a decaying rune of Zot
 32285 | Elf:1    | Entered Level 1 of the Elven Halls
 32446 | Elf:1    | Found Sosieqa's Jewellery Shoppe.
 32700 | Elf:1    | Found Riseq's Antique Armour Shop.
 33131 | Elf:1    | Got the Directory of the Morgue
 33264 | Elf:1    | Reached skill level 10 in Shields
 33757 | Elf:2    | Paralysed by an air elemental for 1 turns
 33761 | Elf:2    | Reached XP level 19. HP: 150/156 MP: 26/26
 34194 | Elf:2    | Found a runed translucent gate.
 34194 | Elf:2    | Found a runed translucent gate.
 34194 | Elf:2    | Found a runed translucent gate.
 34437 | Elf:3    | Entered Level 3 of the Elven Halls
 34543 | Elf:3    | Paralysed by an air elemental for 1 turns
 35116 | Elf:3    | Identified the +5 leather armour of Xuukautegg {rN++}
 35116 | Elf:3    | Identified the ring "Iqyurchu" {Fly rN+}
 35325 | Elf:3    | Learned a level 1 spell: Apportation
 35470 | Elf:3    | Identified the +6 mace of the Blowfly {freeze, Dex+2}
 35470 | Elf:3    | Identified the +3 scale mail of Grace {Drain rF+ Str+3
                  | Stlth+}
 35492 | Elf:3    | Identified the +3 halberd "Xailofir" {freeze, rElec rN+++
                  | Str+3 Int-3}
 35632 | Elf:3    | Reached skill level 17 in Shapeshifting
 35767 | Elf:3    | Got the Octavo of the Singularity
 36091 | Orc:2    | Bought the ring "Fouqec" {Wiz rC+ rN+} for 819 gold pieces
 36219 | Vaults:1 | Entered Level 1 of the Vaults
 36332 | Vaults:1 | Identified the +8 trident of Pride {drain, rF+ Int+2 SInv}
 36895 | Vaults:1 | Reached XP level 20. HP: 135/168 MP: 27/27
 37620 | Vaults:1 | Found the +2 hood of the Assassin {Detect Stab+ Stlth++}
 37823 | Vaults:2 | Found a staircase to the Crypt.
 38504 | Vaults:2 | Identified the +1 shortbow "Koemn" {antimagic, rF+ Int+2}
 38608 | Vaults:2 | Noticed Zenata
 38622 | Vaults:2 | Reached skill level 18 in Shapeshifting
 38812 | Vaults:2 | Killed Zenata
 39641 | Vaults:3 | Noticed Donald
 39654 | Vaults:3 | Killed Donald
 40145 | Vaults:3 | Reached XP level 21. HP: 174/174 MP: 28/28
 40846 | Vaults:4 | Reached skill level 19 in Shapeshifting
 41059 | Vaults:4 | Noticed Margery
 41068 | Vaults:4 | Killed Margery
 41832 | D:2      | Bought a ring of resist corrosion for 220 gold pieces
 41941 | D:8      | Bought a potion of haste for 110 gold pieces
 41941 | D:8      | Bought a potion of curing for 33 gold pieces
 41941 | D:8      | Bought a potion of mutation for 88 gold pieces
 42096 | Slime:1  | Entered Level 1 of the Pits of Slime
 42358 | Slime:4  | Reached skill level 20 in Shapeshifting
 42398 | Slime:5  | Entered Level 5 of the Pits of Slime
 42542 | Slime:5  | Found the +3 greatsling "Punk" {acid, rCorr}
 42548 | Slime:4  | Gained mutation: You are vulnerable to heat. (rF-) [a
                  | shining eye]
 42550 | Slime:4  | Gained mutation: Your body sometimes deteriorates upon
                  | taking damage. [a shining eye]
 42568 | Slime:4  | Lost mutation: Your body sometimes deteriorates upon taking
                  | damage. [potion of mutation]
 42568 | Slime:4  | Lost mutation: You are vulnerable to heat. (rF-) [potion of
                  | mutation]
 42568 | Slime:4  | Gained mutation: You occasionally lose the ability to drink
                  | potions when taking damage. [potion of mutation]
 42569 | Slime:4  | Lost mutation: You occasionally lose the ability to drink
                  | potions when taking damage. [potion of mutation]
 42569 | Slime:4  | Gained mutation: You passively map a small area around you.
                  | [potion of mutation]
 42569 | Slime:4  | Gained mutation: You passively map the area around you.
                  | [potion of mutation]
 42650 | Slime:5  | Noticed the Royal Jelly
 42711 | Slime:5  | Killed the Royal Jelly
 42821 | Slime:5  | Got a slimy rune of Zot
 42822 | Slime:5  | Identified the ring of Voivocly {rN+ Dex+6 Slay+3 SInv}
 42848 | Slime:5  | Identified the staff "Death Rattle" {+Blink rPois rC+ Str+3
                  | Ice}
 42850 | Slime:5  | Identified the +5 great sword "Muimosay" {drain, rC+ Will+
                  | Stlth+}
 42893 | Slime:5  | Identified the ring "Koihonah" {Fly rC+ Will+ Int+6 Stlth+}
 42917 | Slime:5  | Got the Compilation of Direction and Jinxing
 42920 | Slime:5  | Identified the staff "Newtbane" {Dex+4 Conj}
 43025 | Slime:5  | Identified the +6 battleaxe "Doum" {flame, rElec rN+}
 43240 | D:2      | Bought a talisman of death for 880 gold pieces
 43534 | Depths:1 | Entered Level 1 of the Depths
 43560 | Depths:1 | Reached XP level 22. HP: 181/181 MP: 29/29
 43575 | Depths:1 | Reached skill level 21 in Shapeshifting
 43829 | Depths:1 | Found a snail-covered altar of Cheibriados.
 43979 | Depths:1 | Found a one-way gate to the infinite horrors of the Abyss.
 44488 | Depths:1 | Found a gateway to Hell.
 44724 | Depths:2 | Reached skill level 22 in Shapeshifting
 44963 | Depths:2 | Found a one-way gate leading to the halls of Pandemonium.
 45061 | Depths:2 | Found a runed translucent gate.
 45108 | Depths:2 | Noticed the Enchantress
 45110 | Depths:2 | Noticed a juggernaut
 45113 | Depths:2 | Killed the Enchantress
 45128 | Depths:2 | Killed a juggernaut
 45186 | Depths:2 | Noticed Isekihuw's ghost (adept HOMo)
 45187 | Depths:2 | Found a runed translucent gate.
 45191 | Depths:2 | Found a runed translucent gate.
 45203 | Depths:2 | Killed Isekihuw's ghost
 45503 | Depths:2 | Found a one-way gateway to a ziggurat.
 45773 | Depths:3 | Found Rufexal's Self-Improvement Boutique.
 45918 | Depths:3 | Found a transporter.
 45919 | Depths:3 | Noticed a golden dragon
 46298 | Depths:3 | Noticed Mara
 46320 | Depths:3 | Noticed PaperRat's illusion
 46376 | Depths:3 | Noticed PaperRat's illusion
 46378 | Depths:3 | Killed Mara
 46484 | Depths:3 | Identified the +8 spear "Kumimist" {holy, *Slow rPois
                  | Int+5}
 46499 | Depths:3 | Identified the ring "Jank" {Fire rElec Int+2 Dex+7}
 46500 | Depths:3 | Found a transporter.
 46519 | Depths:3 | Identified the ring of Equilibrium {MP+9 Str+6 Int+2 Dex+2}
 46582 | Depths:3 | Reached XP level 23. HP: 191/191 MP: 26/30
 46631 | Depths:3 | Identified the +1 pair of gloves of Kikubaaqudgha's Anger
                  | {rPois Int-2 Slay+3}
 46706 | Depths:4 | Entered Level 4 of the Depths
 46788 | Depths:4 | Noticed a caustic shrike
 46789 | Depths:4 | Noticed a caustic shrike
 46805 | Depths:3 | Killed a caustic shrike
 46946 | Depths:4 | Found a gate to the Realm of Zot.
 47013 | Depths:4 | Noticed a caustic shrike
 47013 | Depths:4 | Noticed a caustic shrike
 47022 | Depths:4 | Noticed a caustic shrike
 47031 | Depths:4 | Killed a caustic shrike
 47038 | Depths:4 | Killed a caustic shrike
 47044 | Depths:4 | Killed a caustic shrike
 47048 | Depths:4 | Killed a caustic shrike
 47884 | Zot:1    | Entered Level 1 of the Realm of Zot
 47886 | Zot:1    | Noticed a dread lich
 47962 | Zot:1    | Noticed an ancient lich
 47972 | Depths:4 | Killed a dread lich
 47988 | Depths:4 | Killed an ancient lich
 48023 | Zot:1    | Noticed an ancient lich
 48040 | Zot:1    | Killed an ancient lich
 48074 | Zot:1    | Reached skill level 23 in Shapeshifting
 48669 | Zot:1    | Reached XP level 24. HP: 183/201 MP: 30/30
 48696 | Zot:1    | Reached skill level 15 in Evocations
 48967 | Zot:2    | Reached skill level 15 in Dodging
 49103 | Zot:2    | Reached skill level 15 in Shields
 50298 | Zot:3    | Reached skill level 5 in Stealth
 50474 | Zot:3    | Found a transporter.
 50700 | Zot:3    | Found a transporter.
 50719 | Zot:3    | Found a transporter.
 50882 | Zot:3    | Found a transporter.
 51381 | Zot:4    | Reached XP level 25. HP: 210/210 MP: 30/30
 51710 | Zot:5    | Entered Level 5 of the Realm of Zot
 51904 | Zot:5    | Found Ufiox's Changing Room.
 51914 | Zot:5    | Bought a storm talisman for 1280 gold pieces
 51914 | Zot:5    | Bought a potion of mutation for 128 gold pieces
 52112 | Zot:5    | Noticed an ancient lich
 52121 | Zot:5    | Killed an ancient lich
 52147 | Zot:5    | Noticed a Killer Klown
 52160 | Abyss:3  | Cast into level 3 of the Abyss (Killer Klown)
 52313 | Zot:5    | Escaped the Abyss
 52324 | Zot:5    | Killed a Killer Klown
 52350 | Zot:5    | Noticed an orb of fire
 52360 | Zot:5    | Noticed a Killer Klown
 52361 | Zot:5    | Killed an orb of fire
 52367 | Zot:5    | Killed a Killer Klown
 52424 | Zot:5    | Noticed a Killer Klown
 52426 | Zot:5    | Noticed a Killer Klown
 52447 | Zot:5    | Killed a Killer Klown
 52448 | Zot:5    | Killed a Killer Klown
 52452 | Zot:5    | Noticed an orb of fire
 52460 | Zot:5    | Killed an orb of fire
 52644 | Zot:5    | Got the Orb of Zot
 52775 | Zot:2    | Noticed Sizoetun the pandemonium lord
 53223 | D:$      | Escaped with the Orb!

Illustrated notes

Levels and vault maps discovered:
D:1:      lightli_arrival_statuegarden, layout_basic, hangedman_decor_riveting
D:2:      minmay_wonky_spiral, layout_rooms, serial_shops, shop_fountains,
          nicolae_hexahallways, uniq_jessica
D:3:      layout_loops_ring, ebering_dispersal_statue_hall,
          minmay_misc_feat_secret_circle, serial_bayou_pond_d
D:4:      layout_loops_ring, mainiacjoe_overflow_24_doors, lemuel_crystal_altar
D:5:      layout_basic, nicolae_overflow_hallway_of_the_gods,
          lightli_corner_chamber, uniq_edmund, uniq_blork_the_orc, uniq_sigmund
D:6:      layout_loops_corners, ashenzari_altar_1,
          minmay_temple_entry_offerings, minmay_joined_circles, uniq_duvessa
D:7:      layout_rooms, lemuel_tele_altar, enter_bailey_3, uniq_menkaure,
          uniq_joseph
D:8:      layout_basic, erik_lair_orcish_takeover, serial_shops, shop,
          kennysheep_mini_moat, shop, nicolae_shop_tiny_glass,
          ebering_ghost_xom, uniq_prince_ribbit1
D:9:      layout_basic, nicolae_wu_jian_wuxing_cycle,
          mainiacjoe_overflow_boulevard,
          ploomutoo_gammafunk_ghost_potion_laboratory, minivault_16
D:10:     layout_basic, minivault_1, minmay_door_square, uniq_fannar
D:11:     layout_irregular_city, david_orc_1_choice, uniq_snorg
D:12:     layout_roguey, uniq_azrael
D:13:     layout_rooms, david_vaults_3, nicolae_burly_brawl
D:14:     layout_roguey, hangedman_abyss_or_decor_stagger,
          nicolae_wooded_promenade, chequers_serial_rivers_large_a, drop_trap
D:15:     grunt_enter_depths_snipers, layout_rooms, minmay_strange_pillars,
          uniq_josephine
Temple:   hellmonk_temple_rainy
Lair:1:   dreamdust_cave_troll, layout_chaotic_city, nicolae_lair_grazing_beasts
          [nicolae_sub_lair_graze_edge, nicolae_sub_lair_graze_edge,
          nicolae_sub_lair_graze_edge, nicolae_sub_lair_graze_edge], uniq_erica
Lair:2:   layout_chaotic_city, minmay_swamp_entry_worms, serial_bayou_shore_b,
          infiniplex_staircase_pool
Lair:3:   layout_cave_pods, dummy_spider_entry, basic_altar
Lair:4:   layout_cave_pods, minmay_slime_entry_oklob_open, beast_lair_carwin_11
Lair:5:   gammafunk_lair_ancient_temple, layout_gridlike, lemuel_fruit_fields
Swamp:1:  layout_falls_marsh, evilmike_swamp_ruin_house_2, swamp_pool_5,
          nicolae_swamp_round_clearing, infiniplex_staircase_pool_2
Swamp:2:  layout_falls_marsh, nicolae_swamp_stuck_in_the_mud, swamp_pool_5
Swamp:3:  layout_basic_swamp, nicolae_swamp_reclaimed_castle, swamp_pool_5
Swamp:4:  swamp_old_school, layout_basic_swamp, swamp_pool_4,
          nicolae_swamp_baby_hydras
Spider:1: layout_cave_pods, uniq_asterion
Spider:2: nicolae_spider_hilbert_zone_3 [nicolae_spider_hilbert_4_sides_2_open,
          nicolae_spider_hilbert_3_sides_1_open,
          nicolae_spider_hilbert_3_sides_1_open,
          nicolae_spider_hilbert_3_sides_1_open,
          nicolae_spider_hilbert_3_sides_1_open,
          nicolae_spider_hilbert_4_sides_1_open,
          nicolae_spider_hilbert_4_sides_1_open,
          nicolae_spider_hilbert_4_sides_1_open,
          nicolae_spider_hilbert_4_sides_1_open,
          nicolae_spider_hilbert_4_sides_1_open,
          nicolae_spider_hilbert_4_sides_1_open,
          nicolae_spider_hilbert_4_sides_1_open,
          nicolae_spider_hilbert_4_sides_1_open,
          nicolae_spider_hilbert_3_sides_1_open,
          nicolae_spider_hilbert_3_sides_1_open,
          nicolae_spider_hilbert_3_sides_1_open,
          nicolae_spider_hilbert_3_sides_1_open], beargit_elvish_explorers,
          uniq_nikola
Spider:3: layout_spider_delve
Spider:4: grunt_spider_rune_parallel, uniq_roxanne
Slime:1:  layout_caves, nicolae_slime_getting_an_eyeful
Slime:2:  nicolae_slime_pool, layout_caves
Slime:3:  layout_caves
Slime:4:  layout_caves
Slime:5:  slime_pit_nicolae_jellycorners
Orc:1:    layout_caves, okawaru_metal_pillars_1_2
Orc:2:    st_orc_elflike, layout_caves, serial_shops, nicolae_shop_statue_plus
Elf:1:    minmay_elf_arrival_plus, layout_onion_city, serial_shops,
          nicolae_shop_window_shopping, nicolae_shop_rolling_square,
          minmay_elf_necromancy, onia_ninara_cookie
Elf:2:    nicolae_elf_blades_splatter_lattice
          [nicolae_blade_entry_hurt_lockers], layout_onion_city
Elf:3:    minmay_elf_hall_curves, layout_onion_city
Vaults:1: nicolae_vaults_inception_network, grunt_vaults_trifunnel,
          nicolae_vaults_back_hallway, dpeg_vaults_monster_box, v_rooms_5,
          nicolae_vaults_tetromino_T_2, ontoclasm_vaults_ring_large,
          hangedman_vaults_variations, nicolae_vaults_turnstiles,
          nicolae_vaults_closet_pinwheel_2, layout_vaults_omnibox
Vaults:2: nicolae_vaults_steering_wheel, grunt_vaults_bifocal, v_misc_5,
          grunt_vaults_swirl, nicolae_vaults_six-pack, v_pattern_1, st_cells,
          minmay_crypt_entry_simple_walls, vaults_room_corners,
          layout_vaults_big_room, uniq_zenata
Vaults:3: v_misc_18, nicolae_vaults_meiosis,
          nicolae_vaults_trapezoid_lopsided_1,
          nicolae_vaults_little_guard_posts, nicolae_vaults_trapezoid_1,
          grunt_vaults_diagonal, nicolae_vaults_diamond_2,
          nicolae_vaults_two_Ls, nicolae_vaults_specimen_jars, v_rooms_6,
          ontoclasm_vaults_ring_small, v_misc_29, vaults_room_corners,
          v_misc_18, nicolae_vaults_variable_pillar_hall_cross,
          nicolae_vaults_little_squares_2, nicolae_vaults_octothorpe,
          layout_vaults_big_cross, uniq_donald
Vaults:4: hangedman_vaults_slice, hangedman_vaults_corner,
          nicolae_vaults_know_your_exits, nicolae_vaults_closet_pinwheel_6,
          v_misc_25, nicolae_vaults_big_ls, nicolae_vaults_asterisk,
          vaults_dpeg_cross, hangedman_vaults_nails,
          ontoclasm_vaults_ring_square, ontoclasm_vaults_shuriken,
          vaults_dpeg_hooks, nicolae_vaults_six-pack,
          nicolae_vaults_layer_cake_slice, nicolae_vaults_rhombus_6,
          nicolae_vaults_tetromino_T_1, layout_vaults_maze_snakey, uniq_margery
Depths:1: layout_basic, hellmouth_2, minmay_holes, hangedman_abyss_entry_splay,
          st_stairs_1, slow_altar_1, serial_bayou_shore_b
Depths:2: minmay_slanted_spiral_squares, layout_cave_shapes, ziggurat_fallback,
          rand_demon_pan_entry_5, nicolae_tricolors, ebering_ghost_rock_garden,
          hangedman_geh_valley, serial_bayou_shore_a, uniq_enchantress
Depths:3: gammafunk_the_bubble [the_bubble_gammafunk_plus_minus],
          layout_gridlike, hangedman_coc_ice_floe, abyss_entry,
          serial_bayou_pond_e, nicolae_shop_self_help, uniq_mara
Depths:4: grunt_crosshair, layout_basic, abyss_entry_small_statue_room,
          pf_hell_entry_tar_spiral
Zot:1:    hellmonk_crystal_mountain, layout_misc_corridors
Zot:2:    layout_onion_interference, hangedman_zot_decor_scrapings
Zot:3:    layout_onion, nicolae_diode_intersection, grunt_megastairs_4
Zot:4:    layout_twisted_circle, regret_index_zotdec_twisting_globes
Zot:5:    layout_basic, st_stairs_11, nicolae_transmutations_shop,
          grunt_ministairs_7

Skill      XL: |  1  2  3  4  5  6  7  8  9 10 11 12 13 14 15 16 17 18 19 20 21 22 23 24 25 |
---------------+----------------------------------------------------------------------------+-----
Stealth        | 2 6 8 |  8.0
Fighting       | 2 3 5 7 8 9 10 12 13 14 15 16 18 19 20 21 | 21.4
Unarmed Combat | 1 2 4 5 7 9 10 11 12 13 14 15 16 17 18 19 | 19.9
Shapeshifting  | 1 3 5 6 7 8 9 10 11 12 14 15 16 17 18 20 22 23 | 23.0
Evocations     | 4 6 7 8 9 10 11 12 14 15 16 | 16.6
Dodging        | 3 5 6 8 9 10 11 12 13 14 15 16 | 16.3
Invocations    | 1 4 6 7 8 9 10 | 10.0
Shields        | 5 7 8 10 11 12 13 14 15 16 | 16.4
Throwing       | |  0.8

Action                     |  1- 3 |  4- 6 |  7- 9 | 10-12 | 13-15 | 16-18 | 19-21 | 22-24 | 25-27 || total
---------------------------+-------+-------+-------+-------+-------+-------+-------+-------+-------++-------
  Melee: Dagger            |    31 |       |       |       |       |       |       |       |       ||    31
         Tailslap          |     4 |     5 |    31 |   103 |   242 |   185 |   274 |   236 |    50 ||  1130
         Short sword       |    11 |    31 |       |       |       |       |       |       |       ||    42
         Punch             |       |     1 |       |       |       |       |       |       |       ||     1
         Sling             |       |     1 |       |       |       |       |       |       |       ||     1
         Unarmed           |       |       |   186 |   474 |  1003 |   931 |  1138 |   940 |   180 ||  4852
         Maw               |       |       |       |       |       |   310 |   451 |       |       ||   761
   Fire: Sling             |    94 |   156 |     3 |       |       |       |       |       |       ||   253
  Throw: Dart              |     9 |    20 |     4 |       |       |   128 |    17 |     4 |     4 ||   186
         Stone             |     1 |       |       |       |       |       |       |       |       ||     1
         Boomerang         |       |       |       |       |       |     5 |       |       |       ||     5
         Throwing net      |       |       |       |       |       |       |     4 |       |       ||     4
 Invoke: Ancestor Identity |       |       |     1 |       |       |       |       |       |       ||     1
         Recall Ancestor   |       |       |     1 |     3 |     4 |     9 |     4 |     2 |     3 ||    26
         Ancestor Life: Ba |       |       |       |     1 |       |       |       |       |       ||     1
         Transference      |       |       |       |     1 |     1 |       |     1 |       |     1 ||     4
         Idealise          |       |       |       |       |     6 |     6 |     5 |    10 |     3 ||    30
Ability: Breathe Noxious F |       |       |    20 |    21 |    64 |    47 |    16 |       |       ||   168
         Siphon Essence    |       |       |       |       |       |       |       |     4 |     1 ||     5
  Evoke: Wand              |     2 |    22 |    11 |    20 |    51 |    26 |    15 |    25 |     1 ||   173
         Phantom mirror    |       |       |       |     1 |     2 |     2 |     2 |     3 |       ||    10
         Phial of floods   |       |       |       |       |       |     2 |     2 |     1 |       ||     5
         Box of beasts     |       |       |       |       |       |     1 |     3 |     3 |       ||     7
         Condenser vane    |       |       |       |       |       |       |     5 |     2 |       ||     7
    Use: Potion            |     1 |     2 |     2 |       |     6 |     3 |     9 |     1 |       ||    24
         Scroll            |       |       |     5 |    10 |    10 |     8 |    11 |    14 |     1 ||    59
   Stab: Sleeping          |     6 |       |       |       |       |     5 |    11 |     8 |     2 ||    32
         Distracted        |     1 |       |     1 |     6 |    15 |    20 |    29 |    44 |     6 ||   122
         Confused          |       |       |     8 |    15 |    49 |    23 |     4 |       |       ||    99
         Betrayed ally     |       |       |       |     1 |       |       |       |       |       ||     1
         Invisible         |       |       |       |       |     1 |       |     3 |       |       ||     4
         Held in net/web   |       |       |       |       |       |       |     1 |       |       ||     1
 Armour: Skin              |    46 |    72 |   131 |   281 |   518 |   692 |   522 |   469 |    47 ||  2778
  Dodge: Dodged            |    59 |    79 |   148 |   305 |   764 |   832 |   770 |   734 |    71 ||  3762
  Block: Buckler           |       |       |       |       |    49 |    75 |   427 |    63 |       ||   614
         Kite shield       |       |       |       |       |       |   475 |       |   694 |   133 ||  1302
   Form: Flux              |       |       |     1 |       |     2 |       |       |       |       ||     3
         Statue            |       |       |       |       |     3 |     3 |     3 |       |     1 ||    10
                           |       |       |       |       |       |     2 |       |       |       ||     2
         Maw               |       |       |       |       |       |     2 |     2 |       |       ||     4
         Death             |       |       |       |       |       |       |     1 |     1 |     1 ||     3
         Storm             |       |       |       |       |       |       |       |       |     1 ||     1

Table legend: (Time is in decaauts)
 A = Elapsed time spent in this place.
 B = Non-inter-level travel time spent in this place.
 C = Inter-level travel time spent in this place.
 D = Time resting spent in this place.
 E = Time spent auto-exploring this place.
 F = Levels seen in this place.
 G = Mean time per level.
                   A        B        C        D        E       F      G
               +--------+--------+--------+--------+--------+-----+--------+
         Total |  57003 |  49531 |   7472 |   4505 |  20602 |  54 | 1055.6 |
       Dungeon |  17585 |  13470 |   4115 |    969 |   4632 |  15 | 1172.3 |
        Temple |     11 |     11 |      0 |      0 |      0 |   1 |   11.0 |
          Lair |   6477 |   5481 |    996 |    431 |   2306 |   5 | 1295.4 |
         Swamp |   4970 |   4665 |    305 |    563 |   2257 |   4 | 1242.5 |
   Spider Nest |   4860 |   4553 |    307 |    611 |   1396 |   4 | 1215.0 |
    Slime Pits |   1264 |   1197 |     67 |    286 |      0 |   5 |  252.8 |
  Orcish Mines |   1764 |   1434 |    330 |     76 |    470 |   2 |  882.0 |
   Elven Halls |   3603 |   3476 |    127 |    298 |   1798 |   3 | 1201.0 |
        Vaults |   5199 |   4746 |    453 |    318 |   2564 |   4 | 1299.8 |
        Depths |   5998 |   5539 |    459 |    463 |   2888 |   4 | 1499.5 |
           Zot |   4668 |   4358 |    310 |    470 |   2283 |   5 |  933.6 |
         Abyss |    153 |    153 |      0 |      0 |      6 |   1 |  153.0 |
        Bailey |    445 |    445 |      0 |     17 |      0 |   1 |  445.0 |
               +--------+--------+--------+--------+--------+-----+--------+

Top non-repeatable levels by time:
Depths:2: 1849 daAuts
 Swamp:4: 1752 daAuts
     D:6: 1692 daAuts
     D:8: 1686 daAuts
  Lair:4: 1598 daAuts
Depths:1: 1565 daAuts
   Elf:3: 1512 daAuts
Vaults:1: 1510 daAuts
     D:9: 1486 daAuts
    D:12: 1484 daAuts
Spider:2: 1475 daAuts
Spider:4: 1466 daAuts
Depths:3: 1401 daAuts
Vaults:2: 1364 daAuts
  Lair:5: 1333 daAuts
